 Dungeon Crawl Stone Soup version 0.27-a0-416-gca2cecf3c0 (webtiles) character file.

Game seed: 11589205135831365627

9 Morbidden the Grave Robber (level 2, 4/19 HPs)
             Began as a Demonspawn Necromancer on Feb 25, 2021.
             Quit the game on level 1 of the Dungeon.
             The game lasted 00:00:33 (220 turns).

Morbidden the Grave Robber (Demonspawn Necromancer)  Turns: 220, Time: 00:00:34

Health: 4/19       AC:  2    Str:  8    XL:     2   Next: 6%
Magic:  0/5        EV: 12    Int: 16    God:
Gold:   31         SH:  0    Dex: 13    Spells: 4/5 levels left

rFire    . . .     SeeInvis .   (no weapon)
rCold    . . .     Faith    .   (no shield)
rNeg     . . .     Spirit   .   a - +0 robe
rPois    .         Reflect  .   (no helmet)
rElec    .         Harm     .   e - scarf {repulsion}
rCorr    .         Rampage  .   (no gloves)
Will     .....                  (no boots)
Stlth    ++........             (no amulet)
HPRegen  0.06/turn              (no ring)
MPRegen  0.09/turn              (no ring)

@: repel missiles
A: demonic guardian 1
a: no special abilities


You were on level 1 of the Dungeon.
You visited 1 branch of the dungeon, and saw 1 of its levels.

You collected 31 gold pieces.

Inventory:

Armour
 a - a +0 robe (worn)
 e - a scarf of repulsion (worn)
Scrolls
 b - a scroll of amnesia {unknown}
 c - a scroll of random uselessness {unknown}
 d - a scroll of identify {unknown}
Potions
 f - a potion of might {unknown}


   Skills:
 * Level 0.2 Fighting
 + Level 2.1 Dodging
 + Level 1.9 Stealth
 * Level 2.0 Spellcasting
 * Level 4.5 Necromancy


You had 4 spell levels left.
You knew the following spells:

 Your Spells              Type           Power        Failure   Level
a - Pain                  Necr           64%          3%          1

Your spell library contained the following spells:

 Spells                   Type           Power        Failure   Level
 Animate Skeleton         Necr           32%          3%          1
 Vampiric Draining        Necr           8%           10%         3
 Animate Dead             Necr           8%           32%         4
 Agony                    Necr           16%          65%         5


Dungeon Overview and Level Annotations

Branches:
Dungeon (1/15)

Altars:


Innate Abilities, Weirdness & Mutations

A weak demonic guardian rushes to your aid.


Message History

You hit the ooze but do no damage.
The bat hits the bush but does no damage. x2
The ooze hits you.
The bat hits the bush but does no damage.
Casting: Pain (safe; 3% risk of failure)
Confirm with . or Enter, or press ? or * to list all spells.
Aiming: Pain (safe; 3% risk of failure)
Press: ? - help, Shift-Dir - straight line, f - ooze
Aim: an ooze (chance to affect: 75%)
The ooze writhes in agony.
The bat hits the bush but does no damage.
The bat completely misses the bush.
The ooze hits you.
The bat hits the bush but does no damage.
Casting: Pain (safe; 3% risk of failure)
Confirm with . or Enter, or press ? or * to list all spells.
Aiming: Pain (safe; 3% risk of failure)
Press: ? - help, Shift-Dir - straight line, f/p - ooze
Aim: an ooze (heavily wounded, chance to affect: 75%)
The ooze writhes in agony.
The bat hits the bush but does no damage. x2
The ooze hits you.
* * * LOW HITPOINT WARNING * * *
The bat hits the bush but does no damage.
Casting: Pain (safe; 3% risk of failure)
Confirm with . or Enter, or press ? or * to list all spells.
Aiming: Pain (safe; 3% risk of failure)
Press: ? - help, Shift-Dir - straight line, f/p - ooze
Aim: an ooze (severely wounded, chance to affect: 75%)
The ooze writhes in agony.
You kill the ooze!
The bat hits the bush but does no damage. x3
Your Dodging skill increases to level 2!
You have reached level 2!
Your demonic ancestry asserts itself...
You feel the presence of a demonic guardian.
The bat hits the bush but does no damage. x2
Are you sure you want to abandon this character and quit the game? (Confirm with "yes".)
Okay, then.
Unknown command.
Are you sure you want to abandon this character and quit the game? (Confirm with "yes".) #P.........P#####.#.#..≈8 #P.PPP.PPPPP# ###.#..≈.
P...P.P...P# #.....≈.
P.PPP.P.P.P# #####.≈.
P P.P.†.P.P# #.≈.
P.P.PPPPP.P# #.≈.
P.....P...P# #.≈.
P.PPP.P.P.P## #.≈.
P.
PbP@P...# #.≈.
P P.P.P.P.# #.≈. ......PrP.P.# #.≈.
PPPPPPP.PPP...

######.≈8
..........+).....≈.
...(.......######.≈.
#..................≈≈
#...............##...
#........#....) #.##


You could see a bat and a rat.

Vanquished Creatures
  An ooze (D:1)
  A giant cockroach (D:1)
  A goblin (D:1)
  A kobold (D:1)
  A frilled lizard (D:1)
5 creatures vanquished.

Notes
Turn   | Place    | Note
-------+----------+-------------------------------------------
     0 | D:1      | Morbidden the Demonspawn Necromancer began the quest for
                  | the Orb.
     0 | D:1      | Reached XP level 1. HP: 13/13 MP: 3/3
   219 | D:1      | Gained mutation: A weak demonic guardian rushes to your
                  | aid. [demonic ancestry]
   219 | D:1      | Reached XP level 2. HP: 4/19 MP: 0/5
   220 | D:1      | Quit the game

Illustrated notes

Levels and vault maps discovered:
D:1:      lightli_arrival_isolated_outpost, layout_basic, minmay_hedge_maze

Skill      XL: |  1 |
---------------+----+-----
Dodging        | 2 |  2.1
Fighting       | |  0.2
Stealth        | |  1.9
Spellcasting   | |  2.0
Necromancy     | |  4.5

Action                   || total
-------------------------++-------
Melee: Unarmed           ||     4
 Cast: Pain              ||     7
Dodge: Dodged            ||     1

Table legend: (Time is in decaauts)
 A = Elapsed time spent in this place.
 B = Non-inter-level travel time spent in this place.
 C = Inter-level travel time spent in this place.
 D = Time resting spent in this place.
 E = Time spent auto-exploring this place.
 F = Levels seen in this place.
 G = Mean time per level.
                   A        B        C        D        E       F      G
               +--------+--------+--------+--------+--------+-----+--------+
         Total |    220 |    220 |      0 |      0 |    148 |   1 |  220.0 |
       Dungeon |    220 |    220 |      0 |      0 |    148 |   1 |  220.0 |
               +--------+--------+--------+--------+--------+-----+--------+

Top non-repeatable levels by time:
     D:1: 220 daAuts
